 Dungeon Crawl Stone Soup version 0.20-b1-2-gc5a9893 (webtiles) character file.

95 tcpcsj the Chopper (level 4, -2/61 HPs)
             Began as a Minotaur Berserker on May 21, 2017.
             Was a Believer of Trog.
             Slain by Sigmund
             ... wielding a +0 scythe of protection
              (11 damage)
             ... on level 2 of the Dungeon.
             The game lasted 00:02:36 (857 turns).

tcpcsj the Chopper (Minotaur Berserker)              Turns: 857, Time: 00:02:37

Health: -2/61      AC:  2    Str: 27    XL:     4   Next: 39%
Magic:  3/3        EV: 12    Int:  4    God:    Trog [**....]
Gold:   79         SH:  0    Dex: 10    Spells: 3/3 levels left

rFire    . . .     SeeInvis .   a - +0 hand axe
rCold    . . .     Gourm    .   (no shield)
rNeg     . . .     Faith    .   b - +0 animal skin
rPois    .         Spirit   .   (helmet restricted)
rElec    .         Reflect  .   (no cloak)
rCorr    .         Harm     .   (no gloves)
MR       ++...                  (no boots)
Stlth    ..........             (no amulet)
Regen    1.2/turn               (no ring)
MPRegen  0.1/turn               (no ring)

@: berserking (expiring), lethally poisoned (-2 -> -2), regenerating, very quick
A: retaliatory headbutt, horns 2
a: Berserk, Trog's Hand, Burn Spellbooks, Renounce Religion


You were on level 2 of the Dungeon.
You worshipped Trog.
Trog was pleased with you.
You were very hungry.

You visited 1 branch of the dungeon, and saw 2 of its levels.

You collected 79 gold pieces.

Inventory:

Hand Weapons
 a - a +0 hand axe (weapon)
Armour
 b - a +0 animal skin (worn)
Scrolls
 d - 2 scrolls of remove curse {unknown}
 h - 2 scrolls of identify {unknown}
 i - 2 scrolls of magic mapping {unknown}
 l - a scroll of immolation {unknown}
Potions
 e - a potion of curing
 f - a potion of mutation {unknown}
 g - a potion of resistance {unknown}
 k - 3 potions of haste {unknown}
 o - a potion of experience {unknown}
Comestibles
 c - 2 bread rations
 j - 8 fruits
 m - 2 royal jellies
 n - a meat ration


   Skills:
 + Level 4.6 Fighting
 + Level 5.0 Axes
 + Level 2.6 Armour
 + Level 2.9 Dodging
 + Level 0.3 Stealth


You had 3 spell levels left.
You didn't know any spells.

Dungeon Overview and Level Annotations

Branches:
Dungeon (2/15)

Altars:

Annotations:
D:2 Sigmund


Innate Abilities, Weirdness & Mutations

You reflexively headbutt those who attack you in melee.
You have a pair of horns on your head.


Message History

You feel yourself moving faster!
You feel mighty!
You are feeling very hungry.
Something hits you. The adder barely misses you. You furiously retaliate!
You headbutt the adder.
You kill the adder!
Trog accepts your kill.
Your Axes skill increases to level 5!
You feel a strong urge to attack something.
You feel sick. Something hits you!
* * * LOW HITPOINT WARNING * * *
Things that are here:
an adder corpse; a giant cockroach corpse You miss something.
Your headbutt misses something.
You feel the effects of Trog's Hand fading.
You hit something. You closely miss something.
You feel sick. Something hits you!
* * * LOW HITPOINT WARNING * * *
You hit something. You barely miss something. You headbutt something!!
Something hits you!
You die...

....... ....... .......
....... ..... #######
..? ......# # ###{#
......# #. #.@.# ###
......#####.###.†.# ..#
..............>##+###.#
......#####.........#.#
.†....# ####..(...#.#
......# #.........#.#
.<....# #.###.....#.##
......# #...#.....#..#
......# ###.#.###.##.#


There were no monsters in sight!

Vanquished Creatures
  A gnoll (D:1)
  3 adders (D:2)
  2 oozes
  A worm (D:2)
  2 dart slugs (D:1)
  A leopard gecko (D:1)
  4 bats
  A giant cockroach (D:2)
  4 goblins
  7 hobgoblins
  4 jackals (D:2)
  2 ball pythons (D:1)
  2 frilled lizards (D:1)
  3 kobolds
  7 rats
44 creatures vanquished.

Notes
Turn   | Place    | Note
-------+----------+-------------------------------------------
     0 | D:1      | tcpcsj the Minotaur Berserker began the quest for the Orb.
     0 | D:1      | Reached XP level 1. HP: 19/19 MP: 0/0
    48 | D:1      | Reached skill level 4 in Axes
    48 | D:1      | Reached XP level 2. HP: 17/27 MP: 1/1
   459 | D:1      | Reached XP level 3. HP: 22/33 MP: 2/2
   620 | D:2      | Reached ** piety under Trog
   840 | D:2      | Reached XP level 4. HP: 33/41 MP: 3/3
   842 | D:2      | Noticed Sigmund
   851 | D:2      | Reached skill level 5 in Axes
   857 | D:2      | Slain by Sigmund

Skill      XL: |  1  2  3  4 |
---------------+-------------+-----
Axes           | 4 5 |  5.0
Fighting       | 4 |  4.6
Armour         | |  2.6
Dodging        | |  2.9
Stealth        | |  0.3

Action                   |  1- 3 |  4- 6 || total
-------------------------+-------+-------++-------
Melee: Hand axe          |    79 |    13 ||    92
       Headbutt          |    15 |     1 ||    16
Invok: Berserk           |       |     1 ||     1
       Trog's Hand       |       |     1 ||     1
  Use: Potion            |     1 |       ||     1
 Stab: Sleeping          |     1 |       ||     1
Armor: Animal skin       |     8 |     3 ||    11
Dodge: Dodged            |    57 |    16 ||    73
